 Dungeon Crawl Stone Soup version 0.25-a0-589-g1e14c549ee (webtiles) character file.

Game seed: 12507319798306513219, levelgen mode: deterministic

1493 Kohma the Ruffian (level 8, -6/68 HPs)
             Began as a Troll Transmuter on Mar 10, 2020.
             Was a Follower of Makhleb.
             Mangled by Duvessa
             ... wielding a +0 short sword
              (10 damage)
             ... on level 5 of the Dungeon.
             The game lasted 00:11:06 (4186 turns).

Kohma the Ruffian (Troll Transmuter)                Turns: 4186, Time: 00:11:07

Health: -6/68      AC:  8    Str: 19    XL:     8   Next: 51%
Magic:  10/10      EV: 10    Int: 11    God:    Makhleb [*.....]
Gold:   257        SH:  0    Dex: 10    Spells: 8/11 levels left

rFire    . . .     SeeInvis .     - Unarmed
rCold    . . .     Gourm    +   (no shield)
rNeg     . . .     Faith    .   b - +0 robe
rPois    .         Spirit   .   (helmet restricted)
rElec    .         Reflect  .   y - +1 cloak
rCorr    .         Harm     .   (gloves unavailable)
MR       .....                  (boots unavailable)
Stlth    +.........             (no amulet)
HPRegen  0.61/turn              (no ring)
MPRegen  0.12/turn              (no ring)

@: mighty, stab
A: large, unfitting armour, claws 3, fast metabolism 3, gourmand, regeneration
1, shaggy fur 1, tough skin 3
a: Renounce Religion


You were on level 5 of the Dungeon.
You worshipped Makhleb.
Makhleb was aware of your devotion.
You were very full.

You visited 2 branches of the dungeon, and saw 6 of its levels.
You also visited: Sewer.

You collected 257 gold pieces.

Inventory:

Missiles
 a - 35 arrows
 o - 25 poisoned darts (quivered)
Armour
 b - a +0 robe (worn)
 y - a +1 cloak (worn)
Scrolls
 c - 5 scrolls of remove curse {unknown}
 f - 3 scrolls of teleportation {unknown}
 h - 3 scrolls of amnesia {unknown}
 i - 4 scrolls of identify {unknown}
 n - 3 scrolls of enchant armour {unknown}
 u - a scroll of noise {unknown}
 v - a scroll of immolation {unknown}
 x - a scroll of blinking {unknown}
Potions
 e - a potion of cancellation {unknown}
 g - a potion of degeneration {unknown}
 j - 2 potions of stabbing
 k - 3 potions of magic
 l - 3 potions of berserk rage {unknown}
 p - 3 potions of curing {unknown}
 q - 3 potions of heal wounds {unknown}
 r - 4 potions of might
 s - 2 potions of haste {unknown}
 t - a potion of lignification {unknown}
 w - a potion of ambrosia {unknown}
Comestibles
 d - 9 rations
 m - 6 chunks of flesh


   Skills:
 - Level 0.7 Fighting
 - Level 1.5 Dodging
 + Level 6.6 Unarmed Combat
 - Level 2.0 Spellcasting
 * Level 6.6 Transmutations


You had 8 spell levels left.
You knew the following spells:

 Your Spells              Type           Power        Failure   Level  Hunger
a - Beastly Appendage     Tmut           ###...       1%          1    ##.....
b - Sticks to Snakes      Tmut           ###.....     3%          2    ###....

Your spell library contained the following spells:

 Spells                   Type           Power        Failure   Level  Hunger
 Spider Form              Tmut/Pois      #.........   22%         3    ####...
 Blade Hands              Tmut           ###.......   47%         5    ######.
 Ice Form                 Ice/Tmut       #.......     58%         4    #####..


Dungeon Overview and Level Annotations

Branches:
Dungeon (5/15)             Temple (1/1) D:4           Sewer (visited)

Altars:
Ashenzari
Cheibriados
Dithmenos
Elyvilon
Gozag
Hepliaklqana
Kikubaaqudgha
Makhleb
Nemelex Xobeh
Okawaru
Qazlal
Ru
Sif Muna
Trog
Uskayaw
Wu Jian
Xom
Yredelemnul
Zin
The Shining One

Annotations:
D:5 2 transporters, Duvessa; Forecaster's ghost, weakling NaWz


Innate Abilities, Weirdness & Mutations

You are too large for most types of armour.
You have claws for hands.
Your metabolism is lightning-fast.
You like to eat raw meat.
Your natural rate of healing is unusually fast.
You are covered in fur. (AC +1)
You have extremely tough skin. (AC +3)


Message History

Duvessa hits you but does no damage.
It was a potion of stabbing.
You feel ready to backstab. Duvessa hits you with a +0 short sword!
* * * LOW HITPOINT WARNING * * *
Your adder bites Duvessa but does no damage.
Duvessa barely misses you.
The shadow imp barely misses your adder.
Your adder bites Duvessa but does no damage.
It was a potion of might.
You feel very mighty all of a sudden. Duvessa closely misses you.
Your adder completely misses Duvessa.
The shadow imp barely misses your adder.
You scratch Duvessa.
Duvessa is moderately wounded.
Duvessa hits you with a +0 short sword.
* * * LOW HITPOINT WARNING * * *
Your adder barely misses Duvessa.
The shadow imp misses your adder. Duvessa hits you with a +0 short sword!
You die...

.......# .......# ######
.......###### #....#
............# #....#
............###....#
.......©...........#
.#############.....#####
.#....).....Z#.÷...#...#
.#..........W#..@..#...#
.#..##...##.Z#..eS.#...#
.#..#8...8#.M#...5.#...#
.#..##...##.Z#.###.....#
.#..!..©.....#.........#
.#..##(..##/.#......#.##
.#..#8...8#..#........#
.#..##...##..#.......##
.#...........#.......#


You could see Duvessa (berserk), a mummy, Forecaster's ghost, a shadow imp, a
jackal zombie, a hound zombie, a bullfrog zombie and a friendly adder.

Vanquished Creatures
  Pikel (D:4)
  Edmund (D:4)
  An ogre (D:4)
  2 big kobolds (Sewer)
  3 scorpions (D:4)
  3 hounds
  Crazy Yiuf (D:4)
  Jessica (D:3)
  5 worker ants (D:4)
  10 adders
  4 gnolls (D:4)
  5 river rats (Sewer)
  A shadow imp (D:5)
  A dart slug (D:1)
  2 worms
  7 leopard geckos
  4 orcs
  6 ball pythons (Sewer)
  9 bats
  6 giant cockroaches
  9 goblins
  6 hobgoblins
  5 jackals
  20 kobolds
  2 quokkas
  6 frilled lizards
  23 rats
144 creatures vanquished.

Vanquished Creatures (collateral kills)
  Dowan (D:5)
  An orc wizard (D:4)
  2 orcs (D:4)
4 creatures vanquished.

Grand Total: 148 creatures vanquished

Notes
Turn   | Place    | Note
-------+----------+-------------------------------------------
     0 | D:1      | Kohma the Troll Transmuter began the quest for the Orb.
     0 | D:1      | Reached XP level 1. HP: 18/18 MP: 1/1
    91 | D:1      | Reached XP level 2. HP: 25/26 MP: 3/3
   511 | D:1      | Reached XP level 3. HP: 29/32 MP: 4/4
  1178 | D:2      | Learned a level 2 spell: Sticks to Snakes
  1547 | D:3      | Found a glowing drain.
  1553 | D:3      | Reached XP level 4. HP: 40/40 MP: 6/6
  1618 | Sewer    | Entered a sewer
  1679 | Sewer    | Noticed a big kobold
  1684 | Sewer    | Killed a big kobold
  1684 | Sewer    | Reached XP level 5. HP: 46/46 MP: 7/7
  1842 | Sewer    | Reached XP level 6. HP: 52/54 MP: 6/8
  2599 | D:3      | Found a sacrificial altar of Ru.
  2668 | D:3      | Noticed Jessica
  2677 | D:3      | Killed Jessica
  2691 | D:3      | Found a hazy altar of Hepliaklqana.
  2694 | D:3      | Found a shimmering blue altar of Sif Muna.
  2697 | D:3      | Found a glowing golden altar of the Shining One.
  2776 | D:4      | Found a staircase to the Ecumenical Temple.
  2794 | Temple   | Entered the Ecumenical Temple
  2798 | Temple   | Became a worshipper of Makhleb the Destroyer
  2976 | D:4      | Reached skill level 5 in Unarmed Combat
  2976 | D:4      | Reached XP level 7. HP: 37/61 MP: 7/9
  3254 | D:4      | Noticed Edmund
  3282 | D:4      | Killed Edmund
  3282 | D:4      | Reached skill level 5 in Transmutations
  3356 | D:4      | Reached * piety under Makhleb
  3356 | D:4      | HP: 3/61 [orc/+0 trident (7)]
  3610 | D:4      | Found a runed translucent door.
  3611 | D:4      | Noticed Crazy Yiuf
  3630 | D:4      | Killed Crazy Yiuf
  3743 | D:4      | Noticed Pikel
  3755 | D:4      | Killed Pikel
  3755 | D:4      | Reached XP level 8. HP: 50/68 MP: 10/10
  4041 | D:5      | Entered Level 5 of the Dungeon
  4073 | D:5      | Found a transporter.
  4118 | D:5      | Found a transporter.
  4119 | D:5      | Noticed Forecaster's ghost (weakling NaWz)
  4161 | D:5      | Noticed Duvessa
  4161 | D:5      | Noticed Dowan
  4174 | D:5      | Killed Dowan
  4186 | D:5      | Mangled by Duvessa

Levels and vault maps discovered:
D:1:      scummos_arrival_gate, layout_loops_ring
D:2:      layout_basic, first_ration
D:3:      layout_rooms, grunt_temple_overflow_diamond,
          nicolae_overflow_hidden_temple, marbit_many_paths,
          gup_sewer_entry_glass, uniq_jessica
D:4:      layout_basic, minmay_temple_entry_trees, uniq_pikel,
          uniq_crazy_yiuf_cottage, uniq_edmund
D:5:      layout_rooms, kennysheep_mini, gammafunk_ghost_mausoleum,
          uniq_duvessa, uniq_prince_ribbit1
Temple:   nicolae_temple_x_marks_the_god

Skill      XL: |  1  2  3  4  5  6  7 |
---------------+----------------------+-----
Transmutations | 2 3 4 6 |  6.6
Spellcasting   | 2 |  2.0
Unarmed Combat | 4 5 6 |  6.6
Fighting       | |  0.7
Dodging        | |  1.5

Action                   |  1- 3 |  4- 6 |  7- 9 || total
-------------------------+-------+-------+-------++-------
Melee: Unarmed           |    95 |   191 |   128 ||   414
       Punch             |     1 |     4 |     5 ||    10
       Kick              |       |     7 |     4 ||    11
       Headbutt          |       |     5 |     7 ||    12
 Cast: Beastly Appendage |       |    12 |     9 ||    21
       Sticks to Snakes  |       |       |    18 ||    18
  Use: Potion            |       |       |     3 ||     3
 Stab: Sleeping          |     3 |       |       ||     3
  Eat: Chunk             |    18 |    15 |    12 ||    45
Armor: Robe              |    19 |   113 |    47 ||   179
Dodge: Dodged            |    55 |   147 |    92 ||   294

Table legend:
 A = Non-vault XP
 B = Vault XP
 C = Vault XP percentage of total XP
 D = Non-vault monster count
 E = Vault monster count
 F = Vault count percentage of total count
                 A         B        C        D         E       F
            +---------+---------+-------+---------+---------+-------
      Total |     907 |    1226 |  57.5 |      91 |      57 |  38.5
            +---------+---------+-------+---------+---------+-------
        D:1 |      51 |       0 |   0.0 |      29 |       0 |   0.0
        D:2 |      42 |       0 |   0.0 |      11 |       0 |   0.0
        D:3 |      44 |      80 |  64.5 |      17 |       5 |  22.7
        D:4 |     698 |     746 |  51.7 |      28 |       3 |   9.7
        D:5 |      72 |      65 |  47.4 |       6 |       1 |  14.3
      Sewer |       0 |     335 | 100.0 |       0 |      48 | 100.0
            +---------+---------+-------+---------+---------+-------
